 Dungeon Crawl Stone Soup version 0.19-a0-442-g8935a21 (webtiles) character file.

166 Kenran the Sneak (level 5, 0/26 HPs)
             Began as a Vine Stalker Assassin on May 26, 2016.
             Succumbed to an adder's poison
             ... on level 2 of the Dungeon on June 1, 2016.
             The game lasted 00:10:32 (2206 turns).

Kenran the Sneak (Vine Stalker Assassin)            Turns: 2206, Time: 00:10:32

Health: 0/26       AC:  3    Str: 13    XL:     5   Next: 47%
Magic:  3/6        EV: 11    Int: 11    God:
Gold:   142        SH:  0    Dex: 17    Spells: 0 memorised, 4 levels left

rFire  . . .     SeeInvis .     a - +2 dagger
rCold  . . .     Gourm    .     c - +0 robe
rNeg   . . .     Faith    .     (no shield)
rPois  .         Spirit   +     (no helmet)
rElec  .         Dismiss  .     d - +0 cloak
rCorr  .         Reflect  .     (no gloves)
SustAt .         Harm     .     (no boots)
MR     .....                    (no amulet)
Stlth  +++.......               (no ring)
                                (no ring)

@: lethally poisoned (0 -> -1), not resistant to hostile enchantments, fairly
stealthy
A: fangs 2, regeneration 1, magic shield, antimagic bite, no device heal 3, rot
immunity
a: no special abilities


You were on level 2 of the Dungeon.
You were not hungry.

You visited 1 branch of the dungeon, and saw 3 of its levels.

You collected 142 gold pieces.


Innate Abilities, Weirdness & Mutations

You have extremely sharp teeth.
Your natural rate of healing is unusually fast.
When hurt, damage is shared between your health and your magic reserves.
Your bite disrupts and absorbs the magic of your enemies.
Potions and wands cannot restore your health.
You are immune to rotting.


   Skills:
 - Level 1.7 Fighting
 * Level 4.7 Short Blades
 - Level 1.7 Throwing
 - Level 0.7 Dodging
 + Level 5.3 Stealth


You had 4 spell levels left.
You didn't know any spells.

Inventory:

Hand Weapons
 a - a +2 dagger (weapon)
 b - a +0 blowgun {@w1}
Missiles
 e - 8 poisoned needles
 f - 2 curare-tipped needles {!f}
 i - 89 stones (quivered)
Armour
 c - a +0 robe (worn)
 d - a +0 cloak (worn)
Jewellery
 p - an uncursed ring of resist corrosion {unknown}
Wands
 u - a wand of disintegration (8/24)
Scrolls
 h - 2 scrolls of teleportation {unknown}
 j - 3 scrolls of noise {unknown}
 m - a scroll of immolation {unknown}
 o - 6 scrolls of identify {unknown}
 t - a scroll of recharging {unknown}
Potions
 n - a potion of invisibility {unknown}
 q - 2 potions of flight {unknown}
 r - 2 potions of curing {unknown}
 s - a potion of heal wounds {unknown}
Comestibles
 g - 2 bread rations {@e1}
 k - 3 meat rations {@e1}
 l - a chunk of flesh

#.##....#.....##...## ..PP
#.##..[.'.K.[......'###b..
##.###...########...########
#.......)# #.......##.#
######...# #.......##..
#...# #.......#... #...#
#.......#.#.
#..K########.......#.##
#...S.@............#.##
#..................#...
###................####
##########........[..
###.###..... #.# ##...#
############.# #...#
#.......<.##.# #...#
#.........##.# #...#


You could see an adder and a kobold.


Message History

You closely miss the adder.
The adder is moderately wounded.
You feel sick. The adder barely misses you.
You hit the adder. Your bite misses the adder.
The adder is heavily wounded.
The adder bites you but does no damage.
You barely miss the adder.
The adder is heavily wounded.
You feel sick. The adder bites you.
You are more poisoned.
The adder poisons you!
You feel sick.
A hobgoblin comes into view.
You feel sick.
You see here a leather armour.
You feel sick. The adder closely misses you.
You feel sick.
You feel sick.
You feel sick.
There is an open door here.
The adder bites you but does no damage.
You feel sick.
You see here a mace.
You feel sick.
You feel sick. The adder bites you.
* * * LOW HITPOINT WARNING * * *
You feel sick.
You feel sick. The adder bites you.
* * * LOW HITPOINT WARNING * * *
You die...

Action                   |  1- 3 |  4- 6 || total
-------------------------+-------+-------++-------
Melee: Dagger            |   125 |    74 ||   199
       Bite              |    24 |    21 ||    45
 Fire: Blowgun           |     2 |       ||     2
 Stab: Sleeping          |     4 |     3 ||     7
       Distracted        |       |     1 ||     1
  Eat: Meat ration       |     1 |       ||     1
       Fruit             |     1 |       ||     1
       Chunk             |     1 |       ||     1
Armor: Robe              |    31 |     9 ||    40
Dodge: Dodged            |    65 |    30 ||    95

Vault maps used:
D:1:      lightli_iron_boxes
D:2:      serial_aquarium, aquarium_bridge_square, aquarium_window_fake,
          aquarium_window_1, aquarium_window_1, aquarium_view_2c,
          aquarium_balcony_3b, first_bread, uniq_iyjb
D:3:      ecumenical_altar_1, st_stairs_4, kennysheep_generic_room_14,
          uniq_natasha, uniq_jessica

Notes
Turn   | Place    | Note
--------------------------------------------------------------
     0 | D:1      | Kenran the Vine Stalker Assassin began the quest for the Orb.
     0 | D:1      | Reached XP level 1. HP: 11/11 MP: 2/2
    24 | D:1      | Reached skill level 2 in Short Blades
    70 | D:1      | Reached skill level 5 in Stealth
   179 | D:1      | Reached XP level 2. HP: 15/15 MP: 3/3
   875 | D:2      | Noticed Ijyb
   979 | D:2      | Killed Ijyb
   979 | D:2      | Reached skill level 3 in Short Blades
   979 | D:2      | Reached XP level 3. HP: 18/18 MP: 4/4
  1637 | D:2      | Upgraded the game from 0.19-a0-276-g3ff07cd to 0.19-a0-442-g8935a21
  1695 | D:3      | Reached XP level 4. HP: 23/23 MP: 5/5
  1824 | D:3      | Reached skill level 4 in Short Blades
  1976 | D:3      | Reached XP level 5. HP: 20/26 MP: 6/6
  2008 | D:3      | Noticed Natasha
  2017 | D:3      | Killed Natasha
  2047 | D:3      | Noticed krfreak's ghost (amateur MfSk)
  2178 | D:3      | Noticed Natasha
  2205 | D:2      | HP: 1/26 [adder (2)]
  2206 | D:2      | Succumbed to an adder's poison

Vanquished Creatures
  An orc wizard (D:3)
  Natasha (D:3)
  Ijyb (D:2)
  2 gnolls
  2 adders
  A dart slug (D:1)
  2 giant geckos (D:1)
  7 orcs
  4 bats
  A giant cockroach (D:3)
  A goblin (D:2)
  3 hobgoblins
  3 jackals (D:2)
  2 giant newts (D:2)
  10 kobolds
  3 rats
44 creatures vanquished.
